 Dungeon Crawl Stone Soup version 0.29.1-2-gbd0b4ee654 (webtiles) character file.

Game seed: 15571896615992816210

8668 Earthwalker the Protected (level 11, -16/101 HPs)
             Began as a Minotaur Fighter on Oct 23, 2022.
             Was a High Priest of Okawaru.
             Demolished by a white ugly thing (26 damage)
             ... on level 8 of the Dungeon.
             The game lasted 00:20:35 (8896 turns).

Earthwalker the Protected (Minotaur Fighter)        Turns: 8896, Time: 00:20:36

Health: -16/101    AC: 14    Str: 24    XL:     11   Next: 12%
Magic:  10/10      EV: 17    Int:  5    God:    Okawaru [*****.]
Gold:   427        SH:  6    Dex: 11    Spells: 10/10 levels left

rFire   . . .      SeeInvis .   a - +0 war axe
rCold   . . .      Faith    .   c - +0 buckler
rNeg    . . .      Spirit   .   s - +0 plate armour
rPois   .          Reflect  .   (helmet restricted)
rElec   .          Harm     .   (no cloak)
rCorr   .          Rampage  .   (no gloves)
Will    .....                   (no boots)
Stlth   ..........              K - amulet of regeneration
HPRegen 1.06/turn               e - +4 ring of evasion
MPRegen 0.12/turn               j - +4 ring of evasion

@: no status effects
A: horns 2, retaliatory headbutt
a: Renounce Religion, Heroism, Finesse, Duel


You were on level 8 of the Dungeon.
You worshipped Okawaru.
Okawaru was extremely pleased with you.
You visited 2 branches of the dungeon, and saw 9 of its levels.

You collected 427 gold pieces.

Inventory:

Hand Weapons
 a - a +0 war axe (weapon)
Missiles
 k - 24 poisoned darts (quivered)
 A - 4 throwing nets
 D - 2 curare-tipped darts
 M - a boomerang
Armour
 b - a +0 scale mail
 c - a +0 buckler (worn)
 s - a +0 plate armour (worn)
Jewellery
 e - a +4 ring of evasion (left hand)
 j - a +4 ring of evasion (right hand)
 l - a ring of willpower
 K - an amulet of regeneration (around neck)
Wands
 I - a wand of digging (4)
 P - a wand of iceblast (9)
 R - a wand of polymorph (6)
Scrolls
 g - 3 scrolls of teleportation {unknown}
 h - 4 scrolls of amnesia {unknown}
 i - a scroll of blinking {unknown}
 m - a scroll of noise {unknown}
 n - 2 scrolls of enchant armour {unknown}
 o - 2 scrolls of summoning {unknown}
 r - a scroll of enchant weapon {unknown}
 v - 4 scrolls of identify {unknown}
 y - a scroll of magic mapping {unknown}
 B - a scroll of torment {unknown}
 C - a scroll of fog {unknown}
 E - a scroll of fear {unknown}
 H - a scroll of silence {unknown}
 N - a scroll of brand weapon {unknown}
 Q - a scroll of vulnerability {unknown}
Potions
 d - 3 potions of might
 f - a potion of invisibility {unknown}
 p - a potion of cancellation {unknown}
 q - 2 potions of curing {unknown}
 t - 2 potions of brilliance {unknown}
 u - 2 potions of flight {unknown}
 w - 2 potions of haste
 x - a potion of berserk rage {unknown}
 z - 2 potions of mutation {unknown}
 F - a potion of resistance {unknown}
 G - a potion of heal wounds {unknown}
 J - a potion of attraction {unknown}
 L - a potion of lignification {unknown}
 O - a potion of degeneration {unknown}


   Skills:
 * Level 10.4 Fighting
 * Level 10.1 Axes
 * Level 10.5 Armour
 + Level 6.3 Dodging
 * Level 10.5 Shields


You had 10 spell levels left.
You didn't know any spells.
Your spell library contained the following spells:

 Spells                   Type           Power      Damage    Failure   Level
 Foxfire                  Conj/Fire      0%         2x1d4     100%        1
 Blink                    Tloc           0%         N/A       100%        2
 Conjure Flame            Conj/Fire      0%         6-21      100%        3
 Inner Flame              Hex/Fire       0%         N/A       100%        3
 Lesser Beckoning         Tloc           0%         N/A       100%        3
 Portal Projectile        Hex/Tloc       0%         N/A       100%        3
 Flame Wave               Conj/Fire      0%         2d4       100%        4
 Leda's Liquefaction      Hex/Erth       0%         N/A       100%        4
 Manifold Assault         Tloc           0%         N/A       100%        5
 Eringya's Noxious Bog    Tmut/Pois      0%         N/A       100%        6
 Call Canine Familiar     Summ           Unusable   N/A       N/A         3
 Summon Forest            Summ/Tloc      Unusable   N/A       N/A         5
 Summon Hydra             Summ           Unusable   N/A       N/A         7

Dungeon Overview and Level Annotations

Branches:
Dungeon (8/15)             Temple (1/1) D:5
   Lair: D:8-11

Altars:
Ashenzari
Cheibriados
Dithmenos
Elyvilon
Fedhas
Gozag
Kikubaaqudgha
Makhleb
Nemelex Xobeh
Okawaru
Qazlal
Ru
Trog
Uskayaw
Vehumet
Xom
Yredelemnul
Zin

Shops:
D:6 *


Innate Abilities, Weirdness & Mutations

You have a pair of horns on your head.
You reflexively headbutt those who attack you in melee.


Message History

Press: ? - help, Q - select action, (/) - cycle Shift-Dir - straight line, f/p - white ugly thing
Aim: a white ugly thing (62% to hit)
You throw a poisoned dart.
The poisoned dart hits the white ugly thing.
Throw: 25 darts (poison)
Press: ? - help, Q - select action, (/) - cycle Shift-Dir - straight line, f/p - white ugly thing
Aim: a white ugly thing (62% to hit)
You throw a poisoned dart.
The poisoned dart barely misses the white ugly thing.
You barely miss the white ugly thing. The white ugly thing tail-slaps you!
The white ugly thing freezes you!
You hit the white ugly thing.
The white ugly thing is lightly wounded.
The white ugly thing tail-slaps you! The white ugly thing freezes you!!
You slash the white ugly thing!
The white ugly thing is lightly wounded.
The white ugly thing barely misses you. You furiously retaliate!
You headbutt the white ugly thing, but do no damage.
You hit the white ugly thing. You headbutt the white ugly thing.
The white ugly thing is moderately wounded.
The white ugly thing tail-slaps you but does no damage.
You hit the white ugly thing. You headbutt the white ugly thing!
The white ugly thing is heavily wounded.
The white ugly thing tail-slaps you! The white ugly thing freezes you!
You are too injured to fight recklessly!
You slash the white ugly thing! You headbutt the white ugly thing.
The white ugly thing is severely wounded.
The white ugly thing tail-slaps you!
* * * LOW HITPOINT WARNING * * *
The white ugly thing freezes you!
* * * LOW HITPOINT WARNING * * *
You barely miss the white ugly thing.
The white ugly thing is severely wounded.
The white ugly thing barely misses you.
You closely miss the white ugly thing.
The white ugly thing is severely wounded.
The white ugly thing tail-slaps you.
* * * LOW HITPOINT WARNING * * *
The white ugly thing freezes you!!
You die...

#######.#.......... ..#
#...#.......... (. ..#
#...#.......... ... ..#
#...#...#######+#... ..#
#...#...# ....(8. ..#
###.#...# 8....(. ###
#.#...# ...!...
#.#...#####..![(..
#.#.......@...)...
#.#.......#u..(..8
##.#.......#.8..... #
#..#####...#(..#### # ##
##.## #...#(..+ .. .##
#..# #...#...# ...
..###.## #...#..(# ...)
#.#...# #...#####...#
#.#.#########...........#


You could see a white ugly thing.

Vanquished Creatures
  Erica (D:8)
  2 two-headed ogres (D:8)
  Maggie (D:8)
  An unseen horror zombie (D:8)
  Psyche (D:8)
  A troll (D:7)
  Prince Ribbit (D:7)
  Grum (D:8)
  2 wyverns (D:8)
  Menkaure (D:7)
  2 water moccasins (D:6)
  Duvessa (D:4)
  4 orc warriors (D:7)
  3 black bears
  13 ogres
  4 wolves (D:8)
  A centaur (D:7)
  5 kobold brigands
  3 bullfrogs
  A necrophage (D:5)
  6 scorpions
  4 wights (D:7)
  Dowan (D:4)
  5 howler monkeys (D:7)
  2 jellies (D:6)
  13 hounds
  3 gnoll boudas
  4 orc priests
  5 iguanas
  6 orc wizards
  A killer bee zombie (D:8)
  11 gnolls
  9 adders
  4 white imps
  3 ufetubi
  A dart slug (D:4)
  20 orcs
  4 endoplasms
  3 giant cockroaches
  6 goblins
  5 hobgoblins
  7 jackals
  15 kobolds
  3 quokkas
  7 ball pythons
  2 bats
  A frilled lizard (D:1)
  5 rats
205 creatures vanquished.

Vanquished Creatures (others)
  A kobold brigand (D:8)
  A kobold (D:8)
  A quokka (D:5)
  16 plants
19 creatures vanquished.

Grand Total: 224 creatures vanquished

Notes
Turn   | Place    | Note
-------+----------+-------------------------------------------
     0 | D:1      | Earthwalker the Minotaur Fighter began the quest for the
                  | Orb.
     0 | D:1      | Reached XP level 1. HP: 19/19 MP: 0/0
   297 | D:1      | Reached XP level 2. HP: 16/27 MP: 1/1
   423 | D:1      | Found a faded altar of an unknown god.
  1180 | D:2      | Reached XP level 3. HP: 33/33 MP: 2/2
  1188 | D:2      | Noticed an ogre
  1199 | D:2      | Killed an ogre
  1200 | D:2      | Reached skill level 1 in Dodging
  1200 | D:2      | Reached XP level 4. HP: 41/41 MP: 3/3
  1389 | D:2      | Found a bloodstained altar of Trog.
  1876 | D:3      | Reached XP level 5. HP: 47/47 MP: 4/4
  2547 | D:3      | Found a white marble altar of Elyvilon.
  2762 | D:4      | Reached skill level 5 in Armour
  2782 | D:4      | Noticed Duvessa
  2782 | D:4      | Noticed Dowan
  2797 | D:4      | Killed Duvessa
  2798 | D:4      | Reached skill level 5 in Fighting
  2798 | D:4      | Reached skill level 5 in Shields
  2798 | D:4      | Reached XP level 6. HP: 56/56 MP: 5/5
  2810 | D:4      | Killed Dowan
  3022 | D:4      | Reached XP level 7. HP: 50/61 MP: 6/6
  3112 | D:4      | Found a sparkling altar of Nemelex Xobeh.
  3572 | D:5      | Entered Level 5 of the Dungeon
  3575 | D:5      | Reached skill level 5 in Axes
  3825 | D:5      | Reached XP level 8. HP: 57/70 MP: 7/7
  3922 | D:5      | Found a radiant altar of Vehumet.
  3943 | D:5      | Found a staircase to the Ecumenical Temple.
  3948 | Temple   | Entered the Ecumenical Temple
  3993 | Temple   | Became a worshipper of Warmaster Okawaru
  4045 | D:5      | Found an opulent altar of Gozag.
  5553 | D:6      | Found a hide-covered altar of Uskayaw.
  5815 | D:6      | Found Ceduo's Serpentskin Sales.
  5826 | D:6      | Reached * piety under Okawaru
  6294 | D:7      | Reached XP level 9. HP: 76/79 MP: 8/8
  6543 | D:7      | Noticed Prince Ribbit
  6573 | D:7      | Killed Prince Ribbit
  6685 | D:7      | Reached ** piety under Okawaru
  7067 | D:7      | Noticed Menkaure
  7077 | D:7      | Killed Menkaure
  7124 | D:7      | Noticed a troll
  7156 | D:7      | Killed a troll
  7156 | D:7      | Reached *** piety under Okawaru
  7185 | D:7      | Reached skill level 5 in Dodging
  7369 | D:7      | Reached XP level 10. HP: 90/90 MP: 9/9
  7696 | D:7      | Reached **** piety under Okawaru
  8231 | D:8      | Noticed Grum
  8285 | D:8      | Killed Grum
  8341 | D:8      | Noticed a two-headed ogre
  8354 | D:8      | Killed a two-headed ogre
  8425 | D:8      | Reached skill level 10 in Armour
  8428 | D:8      | Reached skill level 10 in Shields
  8547 | D:8      | Noticed Maggie
  8643 | D:8      | Noticed Psyche
  8653 | D:8      | Killed Maggie
  8654 | D:8      | Reached skill level 10 in Fighting
  8683 | D:8      | Noticed a two-headed ogre
  8684 | D:8      | Killed Psyche
  8691 | D:8      | Killed a two-headed ogre
  8691 | D:8      | Reached ***** piety under Okawaru
  8692 | D:8      | Reached XP level 11. HP: 92/100 MP: 10/10
  8834 | D:8      | Found a basalt altar of Yredelemnul.
  8876 | D:8      | Noticed Erica
  8884 | D:8      | Killed Erica
  8885 | D:8      | Reached skill level 10 in Axes
  8885 | D:8      | Noticed a white ugly thing
  8896 | D:8      | Demolished by a white ugly thing

Illustrated notes

Levels and vault maps discovered:
D:1:      ebering_trefoil_3fold, layout_basic,
          hellmonk_ecumenical_altar_zigzags, serial_bayou_lagoon_a,
          serial_bayou_crossing
D:2:      layout_loops_corners, basic_altar
D:3:      layout_basic, nicolae_elyvilon_temple_path, minivault_11
D:4:      layout_loops_ring, lemuel_coloured_pillars_altar,
          kennysheep_generic_room_9, uniq_duvessa
D:5:      minmay_recursive_quarters, layout_basic,
          mainiacjoe_overflow_six_doors_small, fiery_altar_vehumet,
          temple_statues
D:6:      layout_layer_cave, mainiacjoe_overflow_cross_hatched,
          guppyfry_shop_venom
D:7:      lemuel_castle_with_subvaults [lemuel_castle_interior_carwin_3],
          layout_basic, uniq_prince_ribbit1, uniq_menkaure
D:8:      kennysheep_blocky_room, layout_basic, lemuel_zombie_altar_yredelemnul,
          minmay_orc_keep, uniq_maggie, uniq_grum, uniq_psyche, uniq_erica
Temple:   minmay_temple_bridge_abc

Skill      XL: |  1  2  3  4  5  6  7  8  9 10 11 |
---------------+----------------------------------+-----
Fighting       | 4 5 6 7 8 10 | 10.4
Armour         | 4 5 6 7 9 10 | 10.5
Shields        | 4 5 6 7 9 10 | 10.5
Axes           | 3 4 5 7 8 9 10 | 10.1
Dodging        | 1 2 3 4 5 6 |  6.3

Action                   |  1- 3 |  4- 6 |  7- 9 | 10-12 || total
-------------------------+-------+-------+-------+-------++-------
Melee: War axe           |    57 |    72 |   295 |   214 ||   638
       Headbutt          |     7 |    11 |    69 |    40 ||   127
Throw: Dart              |     4 |     3 |     4 |    18 ||    29
 Stab: Paralysed         |       |       |       |     2 ||     2
Armor: Scale mail        |    27 |     3 |       |       ||    30
       Plate armour      |       |    11 |    98 |    49 ||   158
       Skin              |       |       |       |    17 ||    17
Dodge: Dodged            |    34 |    66 |   237 |   150 ||   487
Block: Buckler           |    11 |    17 |    89 |    54 ||   171
